 Dungeon Crawl Stone Soup version 0.27.0-1-g7a089689b8 (webtiles) character file.

Game seed: 16540467882769788190

533 gimp the Cudgeller (level 7, -3/50 HPs)
             Began as a Mummy Warper on Aug 10, 2021.
             Slain by a water moccasin (8 damage)
             ... on level 5 of the Dungeon.
             The game lasted 00:08:45 (4059 turns).

gimp the Cudgeller (Mummy Warper)                   Turns: 4059, Time: 00:08:46

Health: -3/50      AC:  9    Str: 16    XL:     7   Next: 4%
Magic:  11/11      EV:  7    Int: 12    God:
Gold:   197        SH:  0    Dex: 12    Spells: 11/11 levels left

rFire    x . .     SeeInvis .   a - +0 mace
rCold    + . .     Faith    .   (no shield)
rNeg     + + +     Spirit   .   g - +0 chain mail
rPois    ∞         Reflect  .   f - +0 helmet
rElec    .         Harm     .   (no cloak)
rCorr    .         Rampage  .   (no gloves)
Will     +....                  (no boots)
Stlth    ..........             (no amulet)
HPRegen  0.16/turn              l - ring of willpower
MPRegen  0.12/turn              (no ring)

@: no status effects
A: cold resistance 1, negative energy resistance 3, torment resistance 2, heat
vulnerability 1, no potions
a: no special abilities


You were on level 5 of the Dungeon.
You visited 1 branch of the dungeon, and saw 5 of its levels.

You collected 197 gold pieces.

Inventory:

Hand Weapons
 a - a +0 mace (weapon)
 b - a +0 hunting sling
Missiles
 c - 22 sling bullets
 d - 5 boomerangs of dispersal (quivered)
 j - 10 poisoned darts
 k - 56 stones
Armour
 f - a +0 helmet (worn)
 g - a +0 chain mail (worn)
 h - a +0 leather armour
Jewellery
 l - a ring of willpower (left hand)
Wands
 o - a wand of iceblast (1)
Scrolls
 e - 5 scrolls of fog
 i - a scroll of teleportation
 m - a scroll of enchant armour {unknown}
 n - a scroll of amnesia {unknown}


   Skills:
 - Level 2.0 Fighting
 * Level 5.6 Maces & Flails
 + Level 2.8(2.9) Slings
 - Level 0.7(1.9) Throwing
 - Level 0.7 Armour
 - Level 1.5 Dodging
 - Level 2.6 Spellcasting
 - Level 2.4 Translocations


You had 11 spell levels left.
You didn't know any spells.
Your spell library contained the following spells:

 Spells                   Type           Power      Damage    Failure   Level
 Blink                    Tloc           N/A        N/A       96%         2
 Gell's Gravitas          Tloc           3%         N/A       99%         3
 Lesser Beckoning         Tloc           3%         N/A       99%         3
 Teleport Other           Tloc           7%         N/A       99%         3
 Call Canine Familiar     Summ           1%         N/A       100%        3
 Portal Projectile        Hex/Tloc       8%         N/A       100%        3
 Summon Guardian Golem    Hex/Summ       1%         N/A       100%        3
 Leda's Liquefaction      Hex/Erth       0%         N/A       100%        4
 Manifold Assault         Tloc           7%         N/A       100%        5
 Orb of Destruction       Conj           0%         N/A       100%        7
 Spellforged Servitor     Conj/Summ      0%         N/A       100%        7


Dungeon Overview and Level Annotations

Branches:
Dungeon (5/15)
 Temple: D:4-7

Altars:
Elyvilon
Fedhas
Makhleb
Zin

Shops:
D:1 (


Innate Abilities, Weirdness & Mutations

You are immune to poison.
Your flesh is cold resistant. (rC+)
You are immune to negative energy. (rN+++)
You are immune to unholy pain and torment.
You are vulnerable to heat. (rF-)
You do not drink.


Message History

You take 4 damage, and have 29/50 hp.
Your chain mail prevents you from hitting the water moccasin.
The water moccasin is moderately wounded.
The water moccasin barely misses you.
You closely miss the water moccasin.
The water moccasin is moderately wounded.
The water moccasin bites you. The water moccasin barely misses you.
You take 3 damage, and have 26/50 hp.
You closely miss the water moccasin.
The water moccasin is moderately wounded.
The water moccasin bites you.
The water moccasin bites you but does no damage.
You take 1 damage, and have 25/50 hp.
You are too injured to fight recklessly!
You are too injured to fight recklessly!
You are too injured to fight recklessly!
You completely miss the water moccasin.
The water moccasin is moderately wounded.
The water moccasin bites you.
You take 3 damage, and have 22/50 hp.
You miss the water moccasin.
The water moccasin is moderately wounded.
The water moccasin bites you.
The water moccasin bites you but does no damage.
You take 1 damage, and have 21/50 hp.
You closely miss the water moccasin.
The water moccasin is moderately wounded.
The water moccasin bites you.
You take 2 damage, and have 19/50 hp.
You sock the water moccasin!
The water moccasin is severely wounded.
The water moccasin closely misses you. The water moccasin bites you!
* * * LOW HITPOINT WARNING * * *
You take 7 damage, and have 12/50 hp.
You sock the water moccasin!
The water moccasin is almost dead.
The water moccasin bites you!
* * * LOW HITPOINT WARNING * * *
The water moccasin bites you!
You die...

.. .... ....#########
.... ..<((.S.....#
.... #######@....#
.... #$##..##....#
.... #$$#_..'....#
.... #$##..##....#
.... #######.....#
##################'###
....................#
....................#
....................#


You could see a water moccasin.

Vanquished Creatures
  A water moccasin (D:5)
  A necrophage (D:5)
  An ogre (D:4)
  A scorpion (D:5)
  A water moccasin zombie (D:5)
  An orc wizard (D:5)
  3 hound skeletons
  A white imp (D:5)
  2 dart slugs
  3 orcs (D:5)
  3 bats (D:1)
  10 endoplasms
  2 giant cockroaches (D:1)
  8 goblins
  7 hobgoblins
  9 jackals
  4 quokkas
  2 ball pythons
  4 frilled lizards
  5 kobolds
  4 rats
73 creatures vanquished.

Vanquished Creatures (others)
  3 plants (D:2)
3 creatures vanquished.

Grand Total: 76 creatures vanquished

Notes
Turn   | Place    | Note
-------+----------+-------------------------------------------
     0 | D:1      | gimp the Mummy Warper began the quest for the Orb.
     0 | D:1      | Reached XP level 1. HP: 16/16 MP: 4/4
   165 | D:1      | Reached skill level 2 in Maces & Flails
   182 | D:1      | Reached XP level 2. HP: 22/22 MP: 5/5
   226 | D:1      | Found Juon's Antique Weapon Emporium.
   607 | D:1      | Reached XP level 3. HP: 24/27 MP: 7/7
   716 | D:1      | Found a faded altar of an unknown god.
   769 | D:1      | Reached skill level 3 in Maces & Flails
  1485 | D:3      | Reached XP level 4. HP: 33/33 MP: 8/8
  2429 | D:4      | Noticed an ogre
  2443 | D:4      | Found a blossoming altar of Fedhas.
  2464 | D:4      | Killed an ogre
  2465 | D:4      | Reached skill level 4 in Maces & Flails
  2465 | D:4      | Reached skill level 1 in Slings
  2465 | D:4      | Reached XP level 5. HP: 15/38 MP: 9/9
  2989 | D:5      | Entered Level 5 of the Dungeon
  3172 | D:5      | Reached XP level 6. HP: 8/44 MP: 10/10
  3647 | D:5      | Reached skill level 5 in Maces & Flails
  3741 | D:5      | Noticed a water moccasin
  3760 | D:5      | Killed a water moccasin
  3911 | D:5      | Found a burning altar of Makhleb.
  3973 | D:5      | Reached XP level 7. HP: 50/50 MP: 11/11
  4059 | D:5      | Slain by a water moccasin

Illustrated notes

Levels and vault maps discovered:
D:1:      co_arrival_square_in_a_square_in_a_square, layout_basic, serial_shops,
          shop, dilly_ecumenical_altar_fadedgnrine
D:2:      layout_rooms, serial_forest, infiniplex_forest_lined_corner,
          infiniplex_forest_end_double, infiniplex_forest_lined_room_,
          infiniplex_forest_clump_medium, infiniplex_forest_3_way,
          infiniplex_forest_clump_long, infiniplex_forest_straight_5,
          infiniplex_forest_lined_1, serial_park_tiny_pond, roderic_lattice_a
D:3:      layout_basic, elyvilon_altar_5
D:4:      layout_basic, mainiacjoe_overflow_brackets
D:5:      layout_gridville, pdpol_temple_overflow_zin_treasury_gozag_greed,
          lightli_temple_of_fire

Skill      XL: |  1  2  3  4  5  6 |
---------------+-------------------+-----
Maces & Flails | 2 3 4 5 |  5.6
Slings         | 1 2 |  2.8
Fighting       | |  2.0
Throwing       | |  0.7
Armour         | |  0.7
Dodging        | |  1.5
Spellcasting   | |  2.6
Translocations | |  2.4

Action                   |  1- 3 |  4- 6 |  7- 9 || total
-------------------------+-------+-------+-------++-------
Melee: Mace              |   144 |    77 |    16 ||   237
 Fire: Hunting sling     |    14 |    98 |     8 ||   120
  Use: Scroll            |       |     7 |       ||     7
Armor: Chain mail        |   114 |    69 |    11 ||   194
       Leather armour    |     6 |       |       ||     6
Dodge: Dodged            |    72 |    44 |     3 ||   119
